 Dungeon Crawl Stone Soup version 0.29-a0-219-g0a02b1cf4f (webtiles) character file.

Game seed: 17279043585828437909

196 Hubjo the Sneak (level 5, -4/39 HPs)
             Began as a Vampire Enchanter on Feb 26, 2022.
             Was a Believer of Trog.
             Slain by an ogre
             ... wielding a +0 giant club
              (13 damage)
             ... on level 4 of the Dungeon.
             The game lasted 00:02:58 (1761 turns).

Hubjo the Sneak (Vampire Enchanter)                 Turns: 1761, Time: 00:02:58

Health: -4/39      AC:  3    Str:  7    XL:     5   Next: 46%
Magic:  8/8        EV: 13    Int: 17    God:    Trog [**....]
Gold:   139        SH:  0    Dex: 17    Spells: 8/8 levels left

rFire   . . .      SeeInvis +   a - +1 dagger
rCold   . . .      Faith    .   (no shield)
rNeg    . . .      Spirit   .   b - +0 robe
rPois   .          Reflect  .   (no helmet)
rElec   .          Harm     .   (no cloak)
rCorr   .          Rampage  .   (no gloves)
Will    .....                   i - +0 pair of boots
Stlth   +++.......              (no amulet)
HPRegen 0.33/turn               (no ring)
MPRegen 0.11/turn               (no ring)

@: healing quickly
A: alive, fangs 3, see invisible, vampiric 2
a: Exsanguinate, Renounce Religion, Berserk, Trog's Hand


You were on level 4 of the Dungeon.
You worshipped Trog.
Trog was pleased with you.
You visited 1 branch of the dungeon, and saw 4 of its levels.

You collected 139 gold pieces.

Inventory:

Hand Weapons
 a - a +1 dagger (weapon)
Armour
 b - a +0 robe (worn)
 i - a +0 pair of boots (worn)
Jewellery
 m - a +6 ring of strength
Wands
 o - a wand of flame (9)
Scrolls
 g - 2 scrolls of identify {unknown}
 h - 2 scrolls of teleportation
 j - a scroll of immolation {unknown}
 l - a scroll of fog {unknown}
 n - a scroll of vulnerability {unknown}
 p - a scroll of silence {unknown}
 q - a scroll of magic mapping {unknown}
Potions
 c - a potion of invisibility
 d - a potion of heal wounds {unknown}
 e - a potion of ambrosia {unknown}
 f - a potion of cancellation {unknown}
 k - a potion of brilliance {unknown}


   Skills:
 * Level 2.6 Fighting
 + Level 2.4 Short Blades
 + Level 3.1 Dodging
 * Level 6.6 Stealth
 - Level 2.0 Spellcasting
 - Level 4.4 Hexes


You had 8 spell levels left.
You didn't know any spells.
Your spell library contained the following spells:

 Spells                   Type           Power      Damage    Failure   Level
 Confusing Touch          Hex            16%        N/A       10%         3
 Tukima's Dance           Hex            16%        N/A       10%         3
 Ensorcelled Hibernation  Hex/Ice        18%        N/A       12%         2
 Animate Skeleton         Necr           2%         N/A       19%         1
 Apportation              Tloc           2%         N/A       19%         1
 Pain                     Necr           4%         1d4       19%         1
 Dazzling Flash           Conj/Hex       18%        N/A       24%         3
 Vampiric Draining        Necr           1%         2d6       50%         3
 Alistair's Intoxication  Tmut/Pois      0%         N/A       99%         5


Dungeon Overview and Level Annotations

Branches:
Dungeon (4/15)
 Temple: D:4-7

Altars:
Trog


Innate Abilities, Weirdness & Mutations

Your natural rate of healing is accelerated.
You have razor-sharp teeth.
You have supernaturally acute eyesight. (SInv)
You are afflicted with vampirism and can become a bat while bloodless.


Message History

As you read the scroll labelled MYNE MAUTAXT, it crumbles to dust.
You feel strangely unstable.
It was a scroll of teleportation.
The ogre barely misses you.
You hit the ogre.
The ogre is lightly wounded.
You hit the ogre.
The ogre is moderately wounded.
Your surroundings suddenly seem different.
An ogre is nearby!
An ogre is nearby!
An ogre is nearby!
An ogre is nearby!
An ogre is nearby!
The ogre enters a dispersal trap!
You blink.
The ogre blinks!
You hit the ogre.
The ogre is moderately wounded.
The ogre closely misses you.
You hit the ogre. You bite the ogre, but do no damage.
The ogre is heavily wounded.
The ogre hits you with a +0 giant club!!
You hit the ogre.
The ogre is heavily wounded.
You hit the ogre.
The ogre is severely wounded.
The ogre barely misses you.
You hit the ogre but do no damage.
The ogre is severely wounded.
The ogre hits you with a +0 giant club!
* * * LOW HITPOINT WARNING * * *
You are too injured to fight recklessly!
You are too injured to fight recklessly!
You hit the ogre.
The ogre is severely wounded.
You hit the ogre but do no damage.
The ogre is severely wounded.
The ogre closely misses you.
You hit the ogre.
The ogre is almost dead.
The ogre hits you with a +0 giant club!
You die...

.#.#.#.#.#.O.........#..........#
#.#.#.#.#.###.................###
.#.#.#.#.# #.......##........###
#.#.#.#.#.# #.......##..........#
.#.#.#>#.#.##..........#####..###
#.#.#.#.#.##....##...#.#####..###
.#.#.#.#.#.#.^...................
##......#.##.ยง#......).#####.####
#.........##..#O@............#
.............................#
#...#....###..#..............#
.........###................##
............................#
##..........................#
............................#
##.....#....................#
....#..#....................#


You could see an ogre.

Vanquished Creatures
  A hound (D:3)
  A jelly (D:4)
  8 adders
  An ufetubus (D:4)
  2 worms (D:3)
  4 dart slugs
  2 orcs
  3 bats
  4 endoplasms
  A giant cockroach (D:3)
  4 goblins
  3 hobgoblins
  2 quokkas
  A ball python (D:4)
  4 frilled lizards
  4 kobolds
  6 rats
51 creatures vanquished.

Notes
Turn   | Place    | Note
-------+----------+-------------------------------------------
     0 | D:1      | Hubjo the Vampire Enchanter began the quest for the Orb.
     0 | D:1      | Reached XP level 1. HP: 13/13 MP: 3/3
    37 | D:1      | Found a faded altar of an unknown god.
    56 | D:1      | Prayed at the altar of an unknown god.
    56 | D:1      | Became a worshipper of Trog the Wrathful
    56 | D:1      | Reached * piety under Trog
   126 | D:1      | Reached XP level 2. HP: 9/20 MP: 5/5
   301 | D:2      | Reached skill level 5 in Stealth
   317 | D:2      | Reached skill level 1 in Fighting
   425 | D:2      | Gained mutation: You are afflicted with vampirism and can
                  | become a bat while bloodless. [Vampire growth]
   425 | D:2      | Reached XP level 3. HP: 26/26 MP: 6/6
   937 | D:3      | Reached ** piety under Trog
   949 | D:3      | Reached XP level 4. HP: 30/33 MP: 7/7
  1045 | D:3      | Reached skill level 6 in Stealth
  1132 | D:3      | Reached XP level 5. HP: 18/39 MP: 8/8
  1735 | D:4      | Noticed an ogre
  1761 | D:4      | Slain by an ogre

Illustrated notes

Levels and vault maps discovered:
D:1:      kennysheep_arrival_seaside, layout_basic,
          dreamdust_ecumenical_altar_statues
D:2:      layout_basic
D:3:      layout_rooms, nrook_campfire
D:4:      layout_basic

Skill      XL: |  1  2  3  4  5 |
---------------+----------------+-----
Stealth        | 5 6 |  6.6
Fighting       | 1 2 |  2.6
Short Blades   | 2 |  2.4
Dodging        | 3 |  3.1
Spellcasting   | |  2.0
Hexes          | |  4.4

Action                   |  1- 3 |  4- 6 || total
-------------------------+-------+-------++-------
Melee: Dagger            |    89 |   116 ||   205
       Bite              |     4 |    14 ||    18
       Punch             |     1 |     3 ||     4
  Use: Scroll            |       |     1 ||     1
 Stab: Sleeping          |    10 |     5 ||    15
Armor: Robe              |    11 |    20 ||    31
Dodge: Dodged            |    51 |    68 ||   119

Table legend: (Time is in decaauts)
 A = Elapsed time spent in this place.
 B = Non-inter-level travel time spent in this place.
 C = Inter-level travel time spent in this place.
 D = Time resting spent in this place.
 E = Time spent auto-exploring this place.
 F = Levels seen in this place.
 G = Mean time per level.
                   A        B        C        D        E       F      G
               +--------+--------+--------+--------+--------+-----+--------+
         Total |   1740 |   1653 |     87 |      0 |   1196 |   4 |  435.0 |
       Dungeon |   1740 |   1653 |     87 |      0 |   1196 |   4 |  435.0 |
               +--------+--------+--------+--------+--------+-----+--------+

Top non-repeatable levels by time:
     D:2: 626 daAuts
     D:3: 516 daAuts
     D:4: 300 daAuts
     D:1: 297 daAuts
